 Dungeon Crawl Stone Soup version 0.32-a0-814-g0968bab981 (webtiles) character file.

Game seed: 7391376671078035255

15 smashvw the Conjurer (level 2, 23/23 HPs)
             Began as a Merfolk Wanderer on Mar 22, 2024.
             Was a Follower of Trog.
             Quit the game on level 1 of the Dungeon.
             The game lasted 00:02:59 (433 turns).

smashvw the Conjurer (Merfolk Wanderer)              Turns: 433, Time: 00:03:00

Health: 23/23      AC:  2    Str:  9    XL:     2   Next: 50%
Magic:  5/5        EV: 10    Int: 14    God:    Trog [*.....]
Gold:   10         SH:  0    Dex: 13    Spells: 5/5 levels left

rFire   . . .        a - +0 dagger
rCold   . . .        (no shield)
rNeg    . . .        c - +0 robe
rPois   .            (no helmet)
rElec   .            (no cloak)
rCorr   .            (no gloves)
SInv    .            (no boots)
Will    .....        (no amulet)
Stlth   +            (no ring)
HPRegen 0.23/turn    (no ring)
MPRegen 0.09/turn

%: no passive effects
@: no status effects
A: (nimble swimmer 2), mertail
a: Renounce Religion, Berserk


You were on level 1 of the Dungeon.
You worshipped Trog.
Trog was aware of your devotion.
You visited 1 branch of the dungeon, and saw 1 of its levels.

You collected 10 gold pieces.

Inventory:

Hand Weapons
 a - a +0 dagger (weapon)
 g - a +0 broad axe
Armour
 c - a +0 robe (worn)
Potions
 b - a potion of brilliance
 d - a potion of lignification
 e - a potion of cancellation {unknown}
 f - a potion of enlightenment {unknown}


   Skills:
 + Level 2.4 Fighting
 + Level 0.8 Short Blades
 - Level 1.0 Armour
 + Level 1.0 Dodging
 - Level 2.2 Spellcasting
 - Level 2.4 Conjurations
 - Level 2.1 Summonings


You had 5 spell levels left.
You didn't know any spells.
Your spell library contained the following spells:

 Spells                   Type           Power      Damage    Failure   Level
 Magic Dart               Conj           32%        1d4       9%          1
 Summon Small Mammal      Summ           28%        N/A       10%         1
 Searing Ray              Conj           16%        2d5       13%         2
 Shock                    Conj/Air       16%        1d4       14%         1
 Summon Ice Beast         Ice/Summ       4%         N/A       41%         3


Dungeon Overview and Level Annotations

Branches:
Dungeon (1/15)

Altars:
Trog


Innate Abilities, Weirdness & Mutations

((You are very nimble when in or above water. (Stealth+, EV+, Speed+++)))
Your lower body shifts to a powerful aquatic tail in water.


Message History

The ball python is severely wounded.
The ball python bites you. The ball python constricts you.
You hit the ball python.
You kill the ball python!
Your Dodging skill increases to level 1!
No target in view!
No target in view!
Key pressed, stopping explore.
f - a lumpy yellow potion An endoplasm comes into view.
The endoplasm quivers.
The endoplasm closely misses you.
You hit the endoplasm.
The endoplasm is heavily wounded.
The endoplasm closely misses you.
You hit the endoplasm.
You kill the endoplasm!
No target in view!
No target in view!
Found a faded altar of an unknown god.
Found a broad axe.
Key pressed, stopping explore.
Unknown command.
There is a faded altar of an unknown god here.
You see here a +0 broad axe.
You see here a +0 broad axe.
g - a +0 broad axe
There is a faded altar of an unknown god here.
This altar belongs to (a) Trog, (b) Beogh or (c) Ashenzari, but you can't tell which.
Press the corresponding letter to learn more about a god, or press enter to convert or escape to cancel.
Okay, then.
This altar belongs to (a) Trog, (b) Beogh or (c) Ashenzari, but you can't tell which.
Press the corresponding letter to learn more about a god, or press enter to convert or escape to cancel.
Trog accepts your prayer! Trog welcomes you!
You can now go berserk at will.
You see here a giant cockroach corpse.
There is an open door here.
A frilled lizard and a ball python come into view.
Found a stone staircase leading down.
The frilled lizard hisses angrily.
The ball python hisses angrily.
Are you sure you want to abandon this character and quit the game? (Confirm with "yes".)

##.............
................>.
##..............l####+##
#.).#.................#
#...#...............S.#
#####)†.######........#
#...# #........# #...#
#........# #...#### #@#
##.....# #.# #.....# #.#
#.....# #.# +.....# #.#
#.....# ##'######
#.....###.......#
#...............#
#.....###.......#


You could see a ball python and a frilled lizard.

Vanquished Creatures
  A dart slug (D:1)
  A ball python (D:1)
  An endoplasm (D:1)
  A giant cockroach (D:1)
  2 hobgoblins (D:1)
  A quokka (D:1)
  A frilled lizard (D:1)
  2 kobolds (D:1)
  2 rats (D:1)
12 creatures vanquished.

Notes
Turn   | Place    | Note
-------+----------+-------------------------------------------
     0 | D:1      | smashvw the Merfolk Wanderer began the quest for the Orb.
     0 | D:1      | smashvw set off with the following items: a +0 dagger, a
                  | potion of brilliance, a +0 robe, a potion of lignification;
                  | and the following spells available to memorise: Magic Dart,
                  | Summon Small Mammal, Shock, Searing Ray, Summon Ice Beast.
     0 | D:1      | Reached XP level 1. HP: 16/16 MP: 3/3
   167 | D:1      | Reached XP level 2. HP: 23/23 MP: 5/5
   278 | D:1      | Reached skill level 1 in Dodging
   325 | D:1      | Found a faded altar of an unknown god.
   373 | D:1      | Prayed at the altar of an unknown god.
   373 | D:1      | Became a worshipper of Trog the Wrathful
   373 | D:1      | Reached * piety under Trog
   433 | D:1      | Quit the game

Illustrated notes

Levels and vault maps discovered:
D:1:      ncdulo_halloftheorcs, layout_basic,
          shapermc_ecumenical_altar_mp_highgroup

Skill      XL: |  1  2 |
---------------+-------+-----
Dodging        | 1 |  1.0
Fighting       | |  2.4
Short Blades   | |  0.8
Armour         | |  1.0
Spellcasting   | |  2.2
Conjurations   | |  2.4
Summonings     | |  2.1

Action                     || total
---------------------------++-------
  Melee: Dagger            ||    55
 Armour: Robe              ||    27
  Dodge: Dodged            ||    31

Table legend: (Time is in decaauts)
 A = Elapsed time spent in this place.
 B = Non-inter-level travel time spent in this place.
 C = Inter-level travel time spent in this place.
 D = Time resting spent in this place.
 E = Time spent auto-exploring this place.
 F = Levels seen in this place.
 G = Mean time per level.
                   A        B        C        D        E       F      G
               +--------+--------+--------+--------+--------+-----+--------+
         Total |    432 |    432 |      0 |      0 |    321 |   1 |  432.0 |
       Dungeon |    432 |    432 |      0 |      0 |    321 |   1 |  432.0 |
               +--------+--------+--------+--------+--------+-----+--------+

Top non-repeatable levels by time:
     D:1: 432 daAuts
